cohdb
Replays
Latest Replays
All Replays
Popular Replays
Top Player Replays
Match Explorer
How It Works
Community
CoH3 Stats
Reddit
Sign in to upload your games and track your stats! →
Sign in with Steam
Match 25299181
Unlisted
Match 25299181
Overview
Messages
Build Orders
End
Kettenkrad Recon Vehicle
Construct Infanterie Kompanie
MG 42 Machine Gun Team
GrW 34 Mortar Team
Grenadier Squad
Construct Luftwaffe Kompanie
Jäger Squad
Selects Breakthrough Battlegroup
Selects Assault Grenadiers
Selects Breakthrough
Support Elements
Jäger Squad
Construct Panzer Kompanie
Selects Incendiary Bombing Run
Selects 2.5-tonne Cargo Truck
2.5-tonne Cargo Truck
Medical Bunker
Panzer IV Medium Tank
Stoßtruppen Squad
Selects Blitzkrieg
Incendiary Bombing Run
Panzer IV Medium Tank
Panzer IV Medium Tank
Side Skirts
Panzer Officer Quarters
Stoßtruppen Squad
Incendiary Bombing Run
Panzer IV Medium Tank
Selects Tiger Heavy Tank
Incendiary Bombing Run
Stoßtruppen Squad
Stoßtruppen Squad
Tiger Heavy Tank
Stoßtruppen Squad
Incendiary Bombing Run
Panzer IV Medium Tank
Ace
Wheel Ones
Egrace
hadeSlabad
Eber
Sonic
0
0
Comments
sign in to comment!
No comments posted yet!